 Dungeon Crawl Stone Soup version 0.28.0-47-ge53b351184 (console) character file.

Game seed: 11364568570962371650

1733 Faeu the Shield-Bearer (level 8, -1/65 HPs)
             Began as a Minotaur Fighter on May 2, 2022.
             Was a Follower of Hepliaklqana.
             Succumbed to a killer bee's poison
             ... on level 8 of the Dungeon.
             The game lasted 00:21:39 (6957 turns).

Faeu the Shield-Bearer (Minotaur Fighter)           Turns: 6957, Time: 00:21:39

Health: -1/65      AC: 13    Str: 22    XL:     8   Next: 76%
Magic:  1/7        EV:  7    Int:  5    God:    Hepliaklqana [*.....]
Gold:   435        SH:  5    Dex: 11    Spells: 7/7 levels left

rFire   . . .      SeeInvis .   a - +0 war axe {axe}
rCold   . . .      Faith    .   c - +0 buckler
rNeg    . . .      Spirit   +   f - +0 chain mail
rPois   .          Reflect  .   (helmet restricted)
rElec   .          Harm     .   E - +0 cloak
rCorr   .          Rampage  .   (no gloves)
Will    .....                   A - +0 pair of boots
Stlth   ..........              e - amulet of guardian spirit
HPRegen 0.20/turn               (no ring)
MPRegen 0.10/turn               (no ring)

@: lethally poisoned (-1 -> -13)
A: reduced essence, horns 2, retaliatory headbutt
a: Renounce Religion, Recall Ancestor, Ancestor Identity


You were on level 8 of the Dungeon.
You worshipped Hepliaklqana.
Hepliaklqana was aware of your devotion.
You visited 2 branches of the dungeon, and saw 9 of its levels.

You collected 435 gold pieces.


Innate Abilities, Weirdness & Mutations

Your life essence is reduced to manifest your ancestor. (-10% HP)
You have a pair of horns on your head.
You reflexively headbutt those who attack you in melee.


   Skills:
 + Level 7.6 Fighting
 + Level 7.1 Axes
 + Level 7.6 Armour
 + Level 7.7 Shields


You had 7 spell levels left.
You didn't know any spells.
Your spell library contained the following spells:

 Spells                   Type           Power      Damage    Failure   Level
 Sublimation of Blood     Necr           0%         N/A       100%        2
 Wereblood                Tmut           0%         N/A       100%        2
 Confusing Touch          Hex            0%         N/A       100%        3
 Conjure Flame            Conj/Fire      0%         6-21      100%        3
 Ignite Poison            Fire/Tmut/Pois 0%         N/A       100%        3
 Ozocubu's Armour         Ice            0%         N/A       100%        3
 Stone Arrow              Conj/Erth      0%         3d7       100%        3
 Animate Armour           Summ/Erth      0%         N/A       100%        4
 Sticky Flame             Conj/Fire      0%         2d3       100%        4
 Metabolic Englaciation   Hex/Ice        0%         N/A       100%        5
 Summon Forest            Summ/Tloc      0%         N/A       100%        5
 Summon Mana Viper        Hex/Summ       0%         N/A       100%        5
 Yara's Violent Unravell  Hex/Tmut       0%         3d3       100%        5
 Simulacrum               Ice/Necr       0%         N/A       100%        6
 Summon Cactus Giant      Summ           0%         N/A       100%        6
 Enfeeble                 Hex            0%         N/A       100%        7
 Summon Hydra             Summ           0%         N/A       100%        7
 Lehudib's Crystal Spear  Conj/Erth      0%         10d2      100%        8

Inventory:

Hand Weapons
 a - a +0 war axe (weapon) {axe}
 D - a +0 dagger of electrocution {short}
   (You took it off an orc wizard on level 6 of the Dungeon)
Missiles
 y - 3 boomerangs (quivered) {throwing}
Armour
 c - a +0 buckler (worn)
 f - a +0 chain mail (worn)
   (You found it on level 1 of the Dungeon)
 A - a +0 pair of boots (worn)
   (You found it on level 4 of the Dungeon)
 E - a +0 cloak (worn)
   (You found it on level 7 of the Dungeon)
Jewellery
 e - an amulet of guardian spirit (around neck)
   (You found it on level 1 of the Dungeon)
Wands
 g - a wand of flame (14)
   (You took it off Robin on level 4 of the Dungeon)
 v - a wand of digging (2)
   (You found it on level 4 of the Dungeon)
Scrolls
 b - 2 scrolls of holy word {unknown}
 i - a scroll of fear
 j - 2 scrolls of acquirement {unknown}
 k - a scroll of summoning {unknown}
 l - a scroll of noise {!r}
 n - a scroll of vulnerability {!r!r}
 o - 2 scrolls of enchant armour
 p - 2 scrolls of fog {unknown}
 r - 3 scrolls of enchant weapon
 t - 2 scrolls of silence {!r}
 u - 2 scrolls of blinking {!r}
 w - a scroll of teleportation {unknown}
 z - a scroll of torment {unknown}
 B - 3 scrolls of amnesia {unknown}
Potions
 d - a potion of might
 h - a potion of flight {unknown}
 m - 2 potions of brilliance
 q - 4 potions of curing {unknown}
 s - a potion of attraction {unknown}
 x - a potion of degeneration {unknown}
 C - a potion of magic {unknown}
 F - a potion of berserk rage {unknown}
 G - a potion of invisibility {unknown}

Dungeon Overview and Level Annotations

Branches:
Dungeon (8/15)             Temple (1/1) D:4
   Lair: D:8-11

Altars:
Ashenzari
Cheibriados
Elyvilon
Fedhas
Gozag
Hepliaklqana
Kikubaaqudgha
Makhleb
Nemelex Xobeh
Okawaru
Qazlal
Ru
Sif Muna
Trog
Uskayaw
Vehumet
Wu Jian
Xom
Yredelemnul
Zin
The Shining One

Annotations:
D:5 Pikel
D:6 Sigmund

#####...#
#.....y.#
#.......#
#.......##
#........###
#...........
#........#
#.......#
####y#### #@#
##.## #...##
#....# #....#
##.## ####.#
#...# #.#
##.... #.#
####......
#.###........#
#........# #.#
#####.######.#


You could see a killer bee.


Message History

You furiously retaliate!
You headbutt the killer bee, but do no damage.
The killer bee stings you but does no damage.
You closely miss the killer bee. You headbutt the killer bee.
The killer bee closely misses you.
The killer bee stings you but does no damage. x2 😕 HP[+1] MP[+1]
You hit the killer bee. Your headbutt misses the killer bee.
The killer bee stings you but does no damage.
The killer bee stings you.
You are poisoned.
The killer bee poisons you! 😕 HP[-2] MP[-1]
You take 2 damage, and now have 53/65 hp.
You lost 1 mp, and now have 4/7 mp.
You miss the killer bee.
You feel very sick. The killer bee barely misses you.
The killer bee stings you but does no damage. 😕 HP[-3]
You take 3 damage, and now have 50/65 hp.
You slash the killer bee!
You kill the killer bee!
You feel sick. The killer bee stings you.
You block the killer bee's attack. 😮 HP[-5]
You take 5 damage, and now have 45/65 hp.
You closely miss the killer bee. Your headbutt misses the killer bee.
You feel sick. The killer bee completely misses you. You furiously retaliate!
You headbutt the killer bee, but do no damage.
The killer bee stings you but does no damage. 😮 HP[-1]
You take 1 damage, and now have 44/65 hp.
You miss the killer bee. Your headbutt misses the killer bee.
You feel sick.
The killer bee stings you but does no damage.
You block the killer bee's attack. 😮 HP[-1]
You take 1 damage, and now have 43/65 hp.
You miss the killer bee.
You feel sick.
The killer bee stings you but does no damage.
The killer bee barely misses you.
The killer bee closely misses you. 😮 HP[-1]
You take 1 damage, and now have 42/65 hp.
You closely miss the killer bee.
You feel sick. The killer bee stings you.
You are more poisoned.
The killer bee poisons you! The killer bee barely misses you.
You furiously retaliate!
You headbutt the killer bee! 😮 HP[-8]
You take 8 damage, and now have 34/65 hp.
You closely miss the killer bee.
You feel sick. The killer bee stings you.
* * * LOW HITPOINT WARNING * * *
You are more poisoned.
The killer bee poisons you! You block the killer bee's attack.
The killer bee stings you but does no damage. 😨 HP[-6] MP[-1]
You take 6 damage, and now have 28/65 hp.
You lost 1 mp, and now have 3/7 mp.
You slash the killer bee!
You kill the killer bee!
You feel very sick.
The killer bee barely misses you. 😨 HP[-4] MP[+1]
You take 4 damage, and now have 24/65 hp.
You barely miss the killer bee.
You feel very sick. The killer bee stings you.
* * * LOW HITPOINT WARNING * * *
The killer bee stings you but does no damage.
The killer bee barely misses you. 😨 HP[-4] MP[-1]
You take 4 damage, and now have 20/65 hp.
You lost 1 mp, and now have 3/7 mp.
You miss the killer bee. Your headbutt misses the killer bee.
You feel sick. The killer bee stings you.
* * * LOW HITPOINT WARNING * * *
You are more poisoned.
The killer bee poisons you!
The killer bee stings you but does no damage. 😱 HP[-4]
You take 4 damage, and now have 16/65 hp.
You barely miss the killer bee.
* * * LOW HITPOINT WARNING * * *
You feel very sick. The killer bee stings you.
* * * LOW HITPOINT WARNING * * *
You are more poisoned.
The killer bee poisons you!
The killer bee stings you but does no damage. 😱 HP[-6]
You take 6 damage, and now have 10/65 hp.
You miss the killer bee. Your headbutt misses the killer bee.
* * * LOW HITPOINT WARNING * * *
You feel very sick. You block the killer bee's attack.
The killer bee stings you.
* * * LOW HITPOINT WARNING * * *
The killer bee stings you but does no damage. 😱 HP[-8] MP[-2]
You take 8 damage, and now have 2/65 hp.
You lost 2 mp, and now have 1/7 mp.
You miss the killer bee. You headbutt the killer bee!
You die...

Skill      XL: |  1  2  3  4  5  6  7  8 |
---------------+-------------------------+-----
Shields        | 4 5 6 7 |  7.7
Armour         | 4 5 6 7 |  7.6
Fighting       | 4 5 6 7 |  7.6
Axes           | 3 4 5 6 7 |  7.1

Action                   |  1- 3 |  4- 6 |  7- 9 || total
-------------------------+-------+-------+-------++-------
Melee: War axe           |    79 |   140 |   140 ||   359
       Headbutt          |     9 |    15 |    25 ||    49
Throw: Boomerang         |       |    13 |       ||    13
  Use: Scroll            |       |     7 |     1 ||     8
       Potion            |       |     1 |       ||     1
 Stab: Distracted        |       |       |     2 ||     2
Armor: Chain mail        |    32 |   107 |    87 ||   226
       Scale mail        |     4 |       |       ||     4
       Skin              |       |     9 |       ||     9
Dodge: Dodged            |    29 |    67 |    61 ||   157
Block: Buckler           |    17 |    47 |    42 ||   106

Levels and vault maps discovered:
D:1:      evilmike_arrival_fibonacci_small, layout_basic
D:2:      minmay_evil_eye, layout_basic, basic_altar
D:3:      minmay_roachtagon, layout_basic,
          hellmonk_ecumenical_altar_pennies_from_heaven,
          minmay_gold_behind_fungi
D:4:      layout_basic, gammafunk_temple_overflow_elements,
          minmay_temple_entry_trees, serial_rivers,
          chequers_serial_rivers_marsh, chequers_serial_rivers_small_b,
          chequers_serial_rivers_micro_b, chequers_serial_rivers_micro_c,
          chequers_serial_rivers_small_3, uniq_robin
D:5:      layout_rooms, uniq_eustachio, uniq_pikel
D:6:      layout_gridville, cheibrodos_worm_habitat, uniq_sigmund
D:7:      layout_gridville, kennysheep_generic_room_9, uniq_crazy_yiuf_cottage
D:8:      layout_loops_corners
Temple:   dpeg_five_rooms_temple

Notes
Turn   | Place    | Note
-------+----------+-------------------------------------------
     0 | D:1      | Faeu the Minotaur Fighter began the quest for the Orb.
     0 | D:1      | Reached XP level 1. HP: 19/19 MP: 0/0
     0 | D:1      | magus.rc [v1.9.6]
   137 | D:1      | You pick up a book of Blood and begin reading...
   137 | D:1      | You add the spells Sublimation of Blood, Wereblood and
                  | Summon Hydra to your library.
   537 | D:1      | Reached XP level 2. HP: 26/27 MP: 1/1
   721 | D:1      | Reached skill level 4 in Shields
   736 | D:1      | Reached skill level 4 in Armour
   813 | D:1      | You pick up a book of the Wilderness and begin reading...
   813 | D:1      | You add the spells Summon Forest, Summon Mana Viper and
                  | Summon Cactus Giant to your library.
   989 | D:2      | Reached skill level 4 in Fighting
  1075 | D:2      | Reached skill level 3 in Axes
  1075 | D:2      | Reached XP level 3. HP: 33/33 MP: 2/2
  1299 | D:2      | Reached XP level 4. HP: 31/41 MP: 3/3
  1674 | D:2      | Found a shimmering blue altar of Sif Muna.
  2104 | D:3      | Found a faded altar of an unknown god.
  2768 | D:4      | Reached XP level 5. HP: 45/47 MP: 4/4
  2814 | D:4      | Found a staircase to the Ecumenical Temple.
  2835 | Temple   | Entered the Ecumenical Temple
  3053 | Temple   | Became a worshipper of Hepliaklqana the Forgotten
  3137 | D:4      | Reached skill level 4 in Axes
  3402 | D:4      | Reached skill level 5 in Fighting
  3402 | D:4      | Reached skill level 5 in Armour
  3402 | D:4      | Reached skill level 5 in Shields
  3463 | D:4      | Found a sparkling altar of Nemelex Xobeh.
  3463 | D:4      | Found a burning altar of Makhleb.
  3474 | D:4      | Noticed an ogre
  3480 | D:4      | Killed an ogre
  3481 | D:4      | Reached XP level 6. HP: 42/56 MP: 3/5
  3516 | D:4      | Noticed Robin
  3526 | D:4      | Killed Robin
  3754 | D:5      | Entered Level 5 of the Dungeon
  3754 | D:5      | Noticed Pikel
  3766 | D:4      | HP: 12/56 [gnoll/+0 halberd (8)]
  3781 | D:4      | HP: 13/84 [gnoll/+0 halberd (1)]
  4680 | D:5      | Reached skill level 5 in Axes
  4680 | D:5      | Reached XP level 7. HP: 56/62 MP: 6/6
  4984 | D:5      | Reached * piety under Hepliaklqana
  5005 | D:5      | You add the spells Conjure Flame, Ignite Poison and Sticky
                  | Flame to your library.
  5021 | D:5      | You pick up a book of Armaments and begin reading...
  5021 | D:5      | You add the spells Stone Arrow, Animate Armour and
                  | Lehudib's Crystal Spear to your library.
  5052 | D:5      | Reached skill level 6 in Fighting
  5052 | D:5      | Reached skill level 6 in Armour
  5052 | D:5      | Reached skill level 6 in Shields
  5359 | D:6      | Reached skill level 6 in Axes
  5359 | D:6      | Reached XP level 8. HP: 46/63 MP: 7/7
  5768 | D:6      | Found a snail-covered altar of Cheibriados.
  5798 | D:6      | Reached skill level 7 in Shields
  5868 | D:6      | You fall into a shaft and drop 1 floor!
  5893 | D:6      | Noticed a two-headed ogre
  5899 | D:6      | Noticed Sigmund
  5932 | D:7      | You pick up a book of Winter and begin reading...
  5932 | D:7      | You add the spells Ozocubu's Armour, Metabolic Englaciation
                  | and Simulacrum to your library.
  6232 | D:7      | Reached skill level 7 in Armour
  6237 | D:7      | You pick up a book of Misfortune and begin reading...
  6237 | D:7      | You add the spells Confusing Touch, Yara's Violent
                  | Unravelling and Enfeeble to your library.
  6273 | D:7      | Reached skill level 7 in Fighting
  6473 | D:7      | HP: 10/65 [electric eel/bolt of electricity (7)]
  6510 | D:7      | HP: 14/65 [yak (3)]
  6511 | D:6      | Noticed a two-headed ogre
  6523 | D:7      | HP: 11/65 [yak (6)]
  6941 | D:8      | Reached skill level 7 in Axes
  6954 | D:8      | HP: 16/65 [killer bee (2)]
  6956 | D:8      | HP: 6/65 [poisoned by a killer bee]
  6956 | D:8      | HP: 2/65 [killer bee (4)]
  6957 | D:8      | Succumbed to a killer bee's poison

Vanquished Creatures
  A yak (D:8)
  A water moccasin (D:6)
  An ice beast (D:7)
  A sky beast (D:5)
  An ogre (D:4)
  A phantom (D:5)
  4 lemures
  A kobold brigand (D:6)
  A scorpion (D:4)
  4 killer bees (D:8)
  A centaur zombie (D:7)
  2 orc priests (D:6)
  A gnoll shaman (D:4)
  2 hounds
  2 bullfrog skeletons
  A centaur skeleton (D:4)
  An iguana (D:5)
  5 orc wizards
  A killer bee zombie (D:6)
  Robin (D:4)
  3 gnolls (D:4)
  A howler monkey skeleton (D:7)
  7 adders
  An adder skeleton (D:4)
  A worm (D:2)
  13 orcs
  5 bats
  2 endoplasms (D:1)
  15 giant cockroaches
  20 goblins
  8 hobgoblins
  3 jackals (D:3)
  9 kobolds
  4 quokkas
  3 ball pythons
  6 frilled lizards
  8 rats
142 creatures vanquished.

Vanquished Creatures (collateral kills)
  An ice beast (D:5)
  A centaur zombie (D:6)
  A hound (D:6)
  An orc (D:6)
4 creatures vanquished.

Vanquished Creatures (others)
  2 fungi (D:3)
  3 toadstools (D:3)
5 creatures vanquished.

Grand Total: 151 creatures vanquished

Table legend:
 A = Non-vault XP
 B = Vault XP
 C = Vault XP percentage of total XP
 D = Non-vault monster count
 E = Vault monster count
 F = Vault count percentage of total count
                 A         B        C        D         E       F
            +---------+---------+-------+---------+---------+-------
      Total |    2416 |      61 |   2.5 |     115 |      27 |  19.0
            +---------+---------+-------+---------+---------+-------
        D:1 |      32 |       0 |   0.0 |      19 |       0 |   0.0
        D:2 |      91 |       6 |   6.2 |      25 |       4 |  13.8
        D:3 |      34 |      20 |  37.0 |      13 |      10 |  43.5
        D:4 |     400 |      35 |   8.0 |      18 |      13 |  41.9
        D:5 |     496 |       0 |   0.0 |       8 |       0 |   0.0
        D:6 |     634 |       0 |   0.0 |      22 |       0 |   0.0
        D:7 |     279 |       0 |   0.0 |       5 |       0 |   0.0
        D:8 |     450 |       0 |   0.0 |       5 |       0 |   0.0
            +---------+---------+-------+---------+---------+-------

Illustrated notes

Table legend:
 A = Kills in this place as a percentage of kills in entire the game.
 B = Kills by you in this place as a percentage of kills by you in the entire game.
 C = Kills by friends in this place as a percentage of kills by friends in the entire game.
 D = Other kills in this place as a percentage of other kills in the entire game.
 E = Experience gained in this place as a percentage of experience gained in the entire game.
 F = Experience gained in this place divided by the number of levels of this place that you have seen.
                   A       B       C       D       E      F
               +-------+-------+-------+-------+-------+----------------------
         Total | 100.0 | 100.0 | 100.0 |   N/A | 100.0 | 275.2
       Dungeon | 100.0 | 100.0 | 100.0 |   N/A | 100.0 | 309.6
               +-------+-------+-------+-------+-------+----------------------

Table legend: (Time is in decaauts)
 A = Elapsed time spent in this place.
 B = Non-inter-level travel time spent in this place.
 C = Inter-level travel time spent in this place.
 D = Time resting spent in this place.
 E = Time spent auto-exploring this place.
 F = Levels seen in this place.
 G = Mean time per level.
                   A        B        C        D        E       F      G
               +--------+--------+--------+--------+--------+-----+--------+
         Total |   7082 |   6889 |    193 |   1196 |   3568 |   9 |  786.9 |
       Dungeon |   6795 |   6659 |    136 |   1196 |   3365 |   8 |  849.4 |
        Temple |    287 |    230 |     57 |      0 |    203 |   1 |  287.0 |
               +--------+--------+--------+--------+--------+-----+--------+

Top non-repeatable levels by time:
     D:4: 1949 daAuts
     D:2: 1051 daAuts
     D:1: 973 daAuts
     D:3: 745 daAuts
     D:6: 649 daAuts
     D:7: 621 daAuts
     D:8: 437 daAuts
     D:5: 367 daAuts
  Temple: 287 daAuts
